 Dungeon Crawl Stone Soup version 0.27-a0-1196-g3e9cee4cb2 (webtiles) character file.

Game seed: 11503285216407070459

334 lightspider the Skirmisher (level 6, -1/56 HPs)
             Began as a Hill Orc Fighter on May 29, 2021.
             Slain by a hornet (6 damage)
             ... while paralysed by a hornet
             ... on level 4 of the Dungeon.
             The game lasted 00:09:49 (3818 turns).

lightspider the Skirmisher (Hill Orc Fighter)       Turns: 3818, Time: 00:09:50

Health: -1/56      AC: 10    Str: 21    XL:     6   Next: 53%
Magic:  6/6        EV:  2    Int:  8    God:
Gold:   114        SH:  0    Dex: 10    Spells: 5/5 levels left

rFire    . . .     SeeInvis .   a - +1 long sword
rCold    . . .     Faith    .   c - +0 kite shield
rNeg     . . .     Spirit   .   i - +1 chain mail
rPois    .         Reflect  .   (no helmet)
rElec    .         Harm     .   (no cloak)
rCorr    .         Rampage  .   (no gloves)
Will     .....                  (no boots)
Stlth    ..........             (no amulet)
HPRegen  0.18/turn              (no ring)
MPRegen  0.10/turn              (no ring)

@: paralysed, mighty, slowed
A: no striking features
a: no special abilities


You were on level 4 of the Dungeon.
You visited 1 branch of the dungeon, and saw 4 of its levels.

You collected 114 gold pieces.

Inventory:

Hand Weapons
 a - a +1 long sword (weapon)
 j - a +1 short sword of electrocution
Missiles
 n - 7 poisoned darts (quivered)
Armour
 b - a +0 scale mail
 c - a +0 kite shield (worn)
 i - a +1 chain mail (worn)
Scrolls
 f - 3 scrolls of teleportation
 g - 2 scrolls of immolation
 h - a scroll of silence
Potions
 k - a potion of degeneration {unknown}
 l - a potion of flight {unknown}
 m - 3 potions of heal wounds {unknown}
 o - a potion of lignification {unknown}


   Skills:
 + Level 5.3 Fighting
 + Level 4.1 Long Blades
 + Level 4.7 Armour
 + Level 4.8 Shields


You had 5 spell levels left.
You didn't know any spells.
Your spell library was empty.

Dungeon Overview and Level Annotations

Branches:
Dungeon (4/15)
 Temple: D:4-7

Altars:
Cheibriados

Annotations:
D:3 1 runed translucent door, Crazy Yiuf


Message History

The hornet stings you but does no damage.
The hornet barely misses you.
You riposte.
You hit the hornet.
The hornet is heavily wounded.
The hornet stings you!
You are poisoned.
You suddenly lose the ability to move!
You feel very sick.
The hornet stings you but does no damage.
You can move again.
You feel better.
You feel yourself speed up. The hornet stings you!
You feel yourself slow down. The hornet stings you.
You are poisoned.
You feel as though you will be slow longer.
You feel better. The hornet stings you.
You feel as though you will be slow longer.
The hornet stings you but does no damage.
The hornet stings you.
You feel as though you will be slow longer.
You feel very mighty all of a sudden. You block the hornet's attack.
The hornet barely misses you.
You hit the hornet but do no damage.
The hornet is heavily wounded.
The hornet stings you.
* * * LOW HITPOINT WARNING * * *
You feel as though you will be slow longer.
The hornet barely misses you. You block the hornet's attack.
You closely miss the hornet.
The hornet is heavily wounded.
The hornet stings you.
* * * LOW HITPOINT WARNING * * *
You suddenly lose the ability to move!
The hornet stings you but does no damage.
The hornet stings you.
* * * LOW HITPOINT WARNING * * *
You shrug off the repeated paralysis!
The hornet stings you!
* * * LOW HITPOINT WARNING * * *
You shrug off the repeated paralysis!
The hornet stings you.
You die...

#......##...†#.♣♣.♣♣.# ..#
#.......+....#.♣.♣.♣.##y####
#######.#....+..♣♣♣..+..#
#.#....#.♣.♣.♣.#..#
#.#....#.♣♣.♣♣.# .#
#.###'##.......# # #.#
#.########## ##'###.###########.
#..........@y......
#...##.##################
#...##.# #..........# #...##.#
#.##.....#.# #...##.#
#.##.....#.# #. #...##.#
#.#........# #.#
######.#######.#......###### ..
#.........................#
##.###.###.........#.#########.#


You could see a hornet.

Vanquished Creatures
  Menkaure (D:4)
  A howler monkey (D:4)
  A hound (D:4)
  An iguana (D:4)
  A hound skeleton (D:4)
  A gnoll (D:1)
  2 adders
  An adder skeleton (D:4)
  4 worms
  2 dart slugs
  2 orcs
  7 bats
  3 endoplasms
  4 giant cockroaches
  10 goblins
  2 hobgoblins
  6 jackals
  6 kobolds
  3 quokkas
  11 ball pythons
  A frilled lizard (D:2)
  7 rats
77 creatures vanquished.

Notes
Turn   | Place    | Note
-------+----------+-------------------------------------------
     0 | D:1      | lightspider the Hill Orc Fighter began the quest for the
                  | Orb.
     0 | D:1      | Reached XP level 1. HP: 19/19 MP: 1/1
   257 | D:1      | Reached XP level 2. HP: 21/27 MP: 2/2
   551 | D:1      | Reached skill level 4 in Fighting
   551 | D:1      | Reached XP level 3. HP: 15/33 MP: 3/3
   931 | D:1      | Found a faded altar of an unknown god.
  1329 | D:2      | Reached XP level 4. HP: 32/40 MP: 4/4
  2551 | D:3      | Found a runed translucent door.
  2552 | D:3      | Noticed Crazy Yiuf
  3253 | D:4      | Reached XP level 5. HP: 29/47 MP: 5/5
  3402 | D:4      | Found a snail-covered altar of Cheibriados.
  3443 | D:4      | Noticed Menkaure
  3471 | D:4      | HP: 2/47 [Menkaure/nerve-wracking pain (2)]
  3472 | D:4      | Killed Menkaure
  3473 | D:4      | Reached skill level 5 in Fighting
  3473 | D:4      | Reached XP level 6. HP: 3/56 MP: 6/6
  3611 | D:4      | Noticed a hornet
  3811 | D:4      | Paralysed by a hornet for 3 turns
  3817 | D:4      | Paralysed by a hornet for 3 turns
  3818 | D:4      | Slain by a hornet

Illustrated notes

Levels and vault maps discovered:
D:1:      lemuel_arrival_rhombus, layout_loops_cross,
          hellmonk_ecumenical_altar_blasted, hangedman_decor_growths
D:2:      layout_rooms, minmay_tall_x
D:3:      layout_basic, uniq_crazy_yiuf_cottage
D:4:      layout_basic, cheibrodos_worm_habitat, portal_sewer_entry_e,
          kennysheep_generic_room_9, uniq_robin, uniq_menkaure

Skill      XL: |  1  2  3  4  5 |
---------------+----------------+-----
Fighting       | 4 5 |  5.3
Long Blades    | 3 4 |  4.1
Shields        | 4 |  4.8
Armour         | 4 |  4.7

Action                   |  1- 3 |  4- 6 || total
-------------------------+-------+-------++-------
Melee: Long sword        |   118 |   119 ||   237
  Use: Scroll            |     3 |     3 ||     6
       Potion            |       |     5 ||     5
Armor: Scale mail        |    24 |       ||    24
       Chain mail        |    41 |    73 ||   114
Dodge: Dodged            |    28 |    32 ||    60
Block: Kite shield       |    85 |    64 ||   149
       Rpst.: Long sword |    11 |    15 ||    26

Table legend: (Time is in decaauts)
 A = Elapsed time spent in this place.
 B = Non-inter-level travel time spent in this place.
 C = Inter-level travel time spent in this place.
 D = Time resting spent in this place.
 E = Time spent auto-exploring this place.
 F = Levels seen in this place.
 G = Mean time per level.
                   A        B        C        D        E       F      G
               +--------+--------+--------+--------+--------+-----+--------+
         Total |   3933 |   3767 |    166 |    735 |   2146 |   4 |  983.2 |
       Dungeon |   3933 |   3767 |    166 |    735 |   2146 |   4 |  983.2 |
               +--------+--------+--------+--------+--------+-----+--------+

Top non-repeatable levels by time:
     D:3: 1306 daAuts
     D:1: 1210 daAuts
     D:2: 779 daAuts
     D:4: 637 daAuts
